 Dungeon Crawl Stone Soup version 0.31-a0-744-gbc345e7fcb (console) character file.

Game seed: 17567823164550637806

154065 petzl the Thaumaturge (level 18, -8/135 (136) HPs)
             Began as a Formicid Delver on Sept 12, 2023.
             Was a High Priest of Vehumet.
             Killed from afar by a deep elf elementalist (59 damage)
             ... with a fireball
             ... on level 3 of the Elven Halls on Sept 14, 2023.
             The game lasted 03:24:49 (32767 turns).

petzl the Thaumaturge (Formicid Delver)            Turns: 32767, Time: 03:24:49

HP:   -8/135 (136)  AC: 13    Str: 18    XL:     18   Next: 24%
MP:   18/36         EV: 15    Int: 19    God:    Vehumet [*****.]
Gold: 496           SH: 12    Dex: 15    Spells: 2/45 levels left

rFire   . . .        a - +9 mace "Zepaing" {drain, rF+ rCorr}
rCold   . . .        U - +1 buckler {AC+3}
rNeg    . . .        u - +0 robe "Dimot" {rF- Will+ Regen+ Int+2 SInv}
rPois   .            (helmet unavailable)
rElec   .            Z - +0 cloak
rCorr   +            (no gloves)
SInv    +            p - +0 pair of boots
Will    +++..        i - amulet of reflection
Stlth   ++++         g - +4 ring of protection
HPRegen 1.22/turn    s - ring of willpower
MPRegen 0.25/turn

%: reflection
@: studying Ice Magic, lightly drained
A: permanent stasis, dig shafts and tunnels, antennae 3, four strong arms, wild
magic 1
a: Dig, Shaft Self, Renounce Religion


You were on level 3 of the Elven Halls.
You worshipped Vehumet.
Vehumet was extremely pleased with you.
You visited 6 branches of the dungeon, and saw 27 of its levels.
You also visited: Ice Cave and Volcano.

You collected 2708 gold pieces.
You spent 2212 gold pieces at shops.

Inventory:

Hand Weapons
 a - the +9 mace "Zepaing" (weapon) {drain, rF+ rCorr}
   (You found it on level 6 of the Dungeon)

   rF+:       It protects you from fire.
   rCorr:     It protects you from acid and corrosion.
 b - the +27 heavy crossbow "Sniper" {heavy, Acc+∞ SInv}
   (You bought it in a shop on level 8 of the Dungeon)

   Acc+∞: It never misses its target.
   SInv:      It lets you see invisible.
 d - a +1 flail of protection
 w - the +7 morningstar "Darip" {heavy, rC+}
   (You found it on level 14 of the Dungeon)

   rC+:       It protects you from cold.
 B - a +3 heavy orcbow
 E - the +2 long sword "Siaph" {heavy, rElec rC- Dex+4}
   (You took it off an orc on level 3 of the Dungeon)

   Dex+4:     It affects your dexterity (+4).
   rC-:       It makes you vulnerable to cold.
   rElec:     It insulates you from electricity.
 P - a +1 hand cannon of freezing
Missiles
 R - 2 curare-tipped darts
 V - 5 throwing nets
Armour
 h - a +1 pair of gloves
 m - a +0 troll leather armour
 p - a +0 pair of boots (worn)
 u - the +0 robe "Dimot" (worn) {rF- Will+ Regen+ Int+2 SInv}
   (You found it on level 1 of the Lair of Beasts)

   Int+2:     It affects your intelligence (+2).
   rF-:       It makes you vulnerable to fire.
   Will+:     It increases your willpower.
   SInv:      It lets you see invisible.
   Regen+:    It increases your rate of health regeneration.
 U - a +1 buckler of protection (worn)
 Z - a +0 cloak (worn)
Magical Staves
 x - the staff "Cilobbir Vue" {Fly Dex+2 SInv Conj}
   (You found it on level 5 of the Lair of Beasts)

   [staff of conjuration]

   Base accuracy: +5 Base damage: 5 Base attack delay: 1.2 This weapon's minimum
   attack delay (0.6) is reached at skill level 12.
   Dex+2:     It affects your dexterity (+2).
   SInv:      It lets you see invisible.
   Fly:       It grants you flight.
   Conj:      It increases the power of your Conjurations spells.
   It falls into the 'Staves' category.
   It is a weapon for one hand-pair.
Jewellery
 g - a +4 ring of protection (left hand)
 i - an amulet of reflection (around neck)
 s - a ring of willpower (right hand)
 F - a ring of poison resistance
 G - a ring of protection from cold
 I - a ring of protection from cold
 N - a ring of resist corrosion
Wands
 f - a wand of digging (6)
 C - a wand of roots (27)
 D - a wand of charming (27)
 Q - a wand of mindburst (3)
 T - a wand of flame (24)
 Y - a wand of polymorph (22)
Scrolls
 c - 5 scrolls of fog
 e - 2 scrolls of fear
 j - a scroll of torment
 l - a scroll of immolation
 n - 3 scrolls of enchant armour
 q - 2 scrolls of enchant weapon
 r - a scroll of amnesia
 H - a scroll of summoning {unknown}
 M - 2 scrolls of poison
Potions
 k - 2 potions of mutation
 o - 5 potions of curing
 t - a potion of lignification {unknown}
 z - a potion of invisibility
 A - a potion of resistance
 J - 2 potions of brilliance
 K - a potion of attraction {unknown}
 L - 2 potions of might
 O - a potion of ambrosia
Miscellaneous
 y - a lightning rod (4/4)


   Skills:
 + Level 10.6 Fighting
 - Level 2.6(3.0) Axes
 - Level 2.0(2.6) Maces & Flails
 * Level 8.5 Ranged Weapons
 + Level 11.4 Armour
 + Level 6.6 Dodging
 - Level 8.0 Stealth
 - Level 9.0 Shields
 - Level 14.0 Spellcasting
 + Level 9.3 Conjurations
 * Level 9.4 Translocations
 - Level 4.0 Transmutations
 + Level 8.3 Fire Magic
 - Level 6.0 Ice Magic
 + Level 8.1 Air Magic
 - Level 3.9 Earth Magic
 - Level 6.0 Poison Magic
 - Level 2.0 Evocations


You had 2 spell levels left.
You knew the following spells:

 Your Spells              Type           Power      Damage    Failure   Level
a - Stone Arrow           Conj/Erth      100%       3d13      1%          3
b - Iskenderun's Mystic   Conj/Tloc      59%        2d12      1%          4
c - Kiss of Death         Conj/Necr      100%       2d13      1%          1
e - Plasma Beam           Fire/Air       27%        2x1d40    11%         6
l - Freezing Cloud        Conj/Ice/Air   27%        6-21      2%          5
m - Mephitic Cloud        Conj/Pois/Air  54%        N/A       1%          3
p - Passage of Golubria   Tloc           59%        N/A       2%          4
s - Sticky Flame          Conj/Fire      57%        2d7       1%          4
E - Conjure Ball Lightni  Conj/Air       28%        3x3d8     9%          6
I - Ignite Poison         Fire/Tmut/Pois 47%        N/A       1%          3
T - Olgreb's Toxic Radia  Pois           46%        N/A       2%          4

Your spell library contained the following spells:

 Spells                   Type           Power      Damage    Failure   Level
 Eringya's Noxious Bog    Tmut/Pois      20%        4d6       34%         6
 Foxfire                  Conj/Fire      100%       2x1d9     1%          1
 Magic Dart               Conj           100%       1d8       1%          1
 Sandblast                Erth           72%        2d16      1%          1
 Sting                    Tmut/Pois      100%       1d8       1%          1
 Lesser Beckoning         Tloc           100%       N/A       1%          2
 Momentum Strike          Conj/Tloc      100%       3d10      1%          2
 Poisonous Vapours        Pois/Air       100%       N/A       1%          2
 Searing Ray              Conj           100%       2d8       1%          2
 Cigotuvi's Dreadful Rot  Necr/Pois/Air  80%        N/A       2%          2
 Passwall                 Tmut/Erth      30%        N/A       3%          2
 Ensorcelled Hibernation  Hex/Ice        64%        N/A       4%          2
 Necrotise                Necr           68%        1d7       10%         1
 Call Imp                 Summ           34%        N/A       13%         2
 Dazzling Flash           Conj/Hex       80%        N/A       1%          3
 Inner Flame              Hex/Fire       37%        N/A       1%          3
 Volatile Blastmotes      Fire/Tloc      100%       2d18      1%          3
 Flame Wave               Conj/Fire      57%        2d14      1%          4
 Fulminant Prism          Conj/Hex       20%        3d12      3%          4
 Starburst                Conj/Fire      28%        6d9       9%          6
 Lee's Rapid Deconstruct  Erth           18%        3d11*     12%         5
 Dimensional Bullseye     Hex/Tloc       20%        N/A       13%         4
 Summon Lightning Spire   Summ/Air       37%        N/A       16%         4
 Leda's Unmaking          Conj/Erth      25%        9d5       21%         6
 Yara's Violent Unravell  Hex/Tmut       13%        3d7       22%         5
 Call Canine Familiar     Summ           17%        N/A       24%         3
 Sigil of Binding         Hex            17%        N/A       24%         3
 Tukima's Dance           Hex            17%        N/A       24%         3
 Vampiric Draining        Necr           17%        2d7       24%         3
 Animate Armour           Summ/Erth      52%        N/A       34%         4
 Leda's Liquefaction      Hex/Erth       13%        N/A       34%         4
 Agony                    Necr           17%        N/A       89%         5
 Ignition                 Fire           27%        3d9       96%         8
 Maxwell's Capacitive Co  Air            27%        ∞         97%         8
 Enfeeble                 Hex            8%         N/A       100%        7
 Fire Storm               Conj/Fire      28%        8d7       100%        9
 Blink                    Tloc           Unusable   N/A       N/A         2
 Swiftness                Air            Unusable   N/A       N/A         3

Dungeon Overview and Level Annotations

Branches:
Dungeon (15/15)            Temple (1/1) D:4            Lair (5/5) D:11
 Shoals (1/4) Lair:3       Spider (0/4) Lair:3        Slime (0/5) Lair:5
    Orc (2/2) D:11            Elf (3/3) Orc:2        Vaults (0/5) D:13
 Depths (0/4) D:15          IceCv (visited)         Volcano (visited)

Altars:
Ashenzari
Cheibriados
Dithmenos
Elyvilon
Fedhas
Gozag
Hepliaklqana
Kikubaaqudgha
Makhleb
Nemelex Xobeh
Okawaru
Qazlal
Ru
Sif Muna
Trog
Uskayaw
Vehumet
Wu Jian
Xom
Yredelemnul
Zin
The Shining One

Shops:
D:3 =   D:6 :   D:8 (   Orc:2 =[*(   Elf:3 (   Shoals:1 (

Annotations:
D:7 exclusion: downstairs
D:13 exclusion: downstairs
Orc:2 2 transporters, epsilonplus's ghost, journeyman GrEE
Elf:2 3 runed translucent doors


Innate Abilities, Weirdness & Mutations

You cannot be hasted, slowed, berserked, paralysed or teleported.
You can dig through walls and to a lower floor.
You have a pair of large antennae on your head. (SInv)
Your four strong arms can wield two-handed weapons with a shield.
Your spells are a little harder to cast, but a little more powerful.


Message History

The deep elf annihilator mumbles some strange words.
The deep elf annihilator blinks!
Unknown command.
Casting: Olgreb's Toxic Radiance (mildly dangerous; 2% risk of failure)
Confirm with . or Enter, or press ? or * to list all spells.
You ignite the poison in your surroundings!
The deep elf annihilator seems to burn from within!!
The deep elf annihilator is severely wounded.
The deep elf annihilator is poisoned.
The deep elf annihilator is engulfed in freezing vapours.
The deep elf annihilator hits you with a +0 rapier.
Casting: Ignite Poison (safe; 1% risk of failure)
Confirm with . or Enter, or press ? or * to list all spells.
You erupt in a blast of force!
The mystic blast hits the deep elf annihilator!
You kill the deep elf annihilator!
Vehumet accepts your kill.
You feel your power returning.
The deep elf elementalist is poisoned.
The deep elf elementalist is engulfed in freezing vapours.
The deep elf elementalist gestures next to you while chanting.
The wall shatters!
The blast of rock fragments hits you!!
Your toxic aura wanes.
The deep elf elementalist is engulfed in freezing vapours.
The deep elf elementalist mumbles some strange words.
The deep elf elementalist seems to speed up.
Unknown command.
Casting: Iskenderun's Mystic Blast (mildly dangerous; 1% risk of failure)
Confirm with . or Enter, or press ? or * to list all spells.
You begin to radiate toxic energy.
The deep elf elementalist looks even sicker.
The deep elf elementalist is engulfed in freezing vapours.
The deep elf elementalist casts a spell at you.
The freezing blast engulfs you!
Unknown command.
You are engulfed in freezing vapours.
Your toxic aura wanes.
The deep elf elementalist is engulfed in freezing vapours.
The deep elf elementalist gestures at you while chanting.
The fireball explodes!
The fireball engulfs you!!!
You die...

##.#####)## ######
#.....).#
#....######.####
##.###.## #.....# ##
##.## ##.###.....## #.
#.## ##.#.......# #.
#.# #.........###.
#.## #.............
##.## #.##.....######
##.###..##....##
#....#.###..## {
###.##.###..#
##.#.#......#
#.###.#####.# { {{
##.#.## ##'#{ { ,
#<.## ##§.#######.
##.## ##§§.#).ee...
##○○# ##§§§.[[# {{,
##.○@####§§§§.#.ee....
#..☼○○§§§§§☼§.#######E
##.☼☼####e§§§.# ,{
##○## ##§§§.# #.#
##)..# #.# ##..# #.#
##'# #.# #.# #.# #.#
#.# ##.# #.########.##
#.........##
########..# ##.##
##.## ##.# ###


You could see a deep elf elementalist (fast, repels missiles, very poisoned).

Vanquished Creatures
  A deep elf master archer (Elf:3)
  A deep elf blademaster (Elf:3)
  A tengu reaver (D:13)
  A deep elf elementalist (Elf:3)
  A deep elf sorcerer (Elf:3)
  An orc warlord (Orc:2)
  2 deep elf demonologists (Elf:3)
  3 deep elf annihilators
  3 deep elf death magi (Elf:3)
  4 hydras
  Harold (Lair:1)
  4 vault guards (D:13)
  3 catoblepae
  2 ogre magi
  3 boulder beetles
  5 centaur warriors
  14 dancing weapons
  2 tengu warriors (D:13)
  9 two-headed ogres
  A vampire mage (D:15)
  4 orc high priests
  3 death yaks (Lair:4)
  A hell knight (Volcano)
  Nergalle (Lair:1)
  Urug (Lair:2)
  A fire crab (Lair:5)
  3 deep elf knights
  Amaemon (Lair:1)
  3 skeletal warriors
  A bog body (IceCv)
  6 orc knights
  2 wizards
  11 deep elf archers
  2 harpies (Lair:3)
  2 necromancers
  24 deep elf zephyrmancers
  An oklob plant (D:11)
  6 ugly things
  8 cyclopes
  A fire giant zombie (D:15)
  21 deep elf pyromancers
  3 orc sorcerers (Orc:2)
  2 salamanders (Volcano)
  A manticore (D:11)
  3 black mambas
  An iron dragon skeleton (D:15)
  10 elephants
  2 ice statues (IceCv)
  4 molten gargoyles (Volcano)
  A torpor snail (Lair:5)
  24 cane toads
  An orange demon (Lair:1)
  8 gargoyles
  4 yaktaurs
  2 unseen horrors (D:13)
  4 rime drakes
  A kobold demonologist (D:12)
  A spriggan zombie (D:15)
  8 komodo dragons
  3 efreet
  A freezing wraith (IceCv)
  3 anaconda simulacra (IceCv)
  2 tengu conjurers
  6 trolls
  4 ice devils (IceCv)
  3 tyrant leeches (Lair:5)
  11 meliai (D:13)
  4 polar bears
  3 hornets
  A queen bee (D:13)
  10 dream sheep
  19 blink frogs
  A snapping turtle (Shoals:1)
  6 slime creatures
  2 culicivoras (Lair:3)
  3 jumping spiders (Lair:3)
  3 air elementals
  A centaur simulacrum (D:10)
  A dire elephant simulacrum (IceCv)
  3 wyverns
  6 water elementals
  A yak (shapeshifter) (Elf:2)
  2 shadows (D:10)
  3 wraiths
  A hog (shapeshifter) (D:14)
  An unseen horror simulacrum (D:10)
  3 fire elementals
  49 yaks
  6 basilisks
  A human (D:13)
  5 steam dragons
  14 vampire mosquitoes
  3 redbacks (Lair:3)
  2 death yak simulacra (IceCv)
  5 harpy simulacra (IceCv)
  An acid dragon (D:11)
  11 water moccasins
  5 wargs
  2 wargs (shapeshifter)
  A glowing shapeshifter zombie (D:15)
  A hydra simulacrum (IceCv)
  2 ice beasts (D:10)
  A sky beast (D:7)
  22 orc warriors
  5 black bears
  7 ogres
  15 wolves
  6 centaurs
  7 kobold brigands
  3 earth elementals
  6 gnoll sergeants
  15 bullfrogs
  2 cane toad simulacra (IceCv)
  4 scorpions
  5 wights (D:8)
  49 killer bees
  7 electric eels
  8 hounds
  5 jellies
  9 gnoll boudas
  11 orc priests
  A sleepcap (D:3)
  Terence (D:2)
  5 iguanas
  15 orc wizards
  7 hell rats (Lair:1)
  A spriggan simulacrum (IceCv)
  Robin (D:3)
  5 adders
  38 gnolls
  A shadow imp (D:6)
  5 white imps
  3 ufetubi
  A worm (D:2)
  3 dart slugs
  43 orcs
  12 ball pythons
  10 endoplasms
  2 giant cockroaches (D:1)
  15 goblins
  7 hobgoblins
  12 jackals
  3 quokkas
  7 bats
  5 frilled lizards
  28 kobolds
  7 rats
885 creatures vanquished.

Notes
Turn   | Place    | Note
-------+----------+-------------------------------------------
     0 | D:5      | petzl the Formicid Delver began the quest for the Orb.
     0 | D:5      | Reached XP level 1. HP: 18/18 MP: 1/1
    13 | D:6      | Identified the +9 mace "Zepaing" {drain, rF+ rCorr}
    27 | D:5      | Noticed an iguana
    29 | D:5      | Noticed a gnoll bouda
    67 | D:4      | Noticed a scorpion
   107 | D:4      | You fall into a shaft and drop 3 floors!
   112 | D:7      | Noticed a jelly
   127 | D:7      | Reached skill level 1 in Axes
   127 | D:7      | Reached skill level 1 in Spellcasting
   127 | D:7      | Reached XP level 2. HP: 9/24 MP: 1/3
   220 | D:7      | Reached XP level 3. HP: 29/29 MP: 3/5
   241 | D:8      | Noticed a gnoll sergeant
   283 | D:7      | Noticed a water moccasin
   352 | D:7      | Reached skill level 2 in Spellcasting
   369 | D:7      | Noticed a centaur
   385 | D:7      | Killed a centaur
   386 | D:7      | Reached skill level 3 in Spellcasting
   386 | D:7      | Reached XP level 4. HP: 35/35 MP: 6/9
   386 | D:7      | Reached XP level 5. HP: 41/41 MP: 6/10
   438 | D:6      | Found Loyg's Book Boutique.
   524 | D:5      | Reached skill level 1 in Ranged Weapons
   527 | D:5      | Found a blossoming altar of Fedhas.
   576 | D:5      | Reached XP level 6. HP: 47/47 MP: 11/11
   589 | D:4      | Reached skill level 4 in Spellcasting
   632 | D:4      | Found a staircase to the Ecumenical Temple.
   641 | Temple   | Entered the Ecumenical Temple
   668 | Temple   | Became a worshipper of Vehumet
   966 | D:4      | Reached XP level 7. HP: 52/52 MP: 14/14
  1152 | D:4      | Reached skill level 5 in Spellcasting
  1322 | D:3      | Found Kutottui's Jewellery Shoppe.
  1656 | D:1      | Reached * piety under Vehumet
  1656 | D:1      | Offered knowledge of Kiss of Death by Vehumet.
  1672 | D:1      | Learned a level 3 spell: Mephitic Cloud
  1674 | D:1      | Learned a level 1 spell: Kiss of Death
  2451 | D:2      | Noticed Terence
  2461 | D:2      | Killed Terence
  2843 | D:3      | Offered knowledge of Shock by Vehumet.
  2848 | D:3      | Identified the +2 long sword "Siaph" {heavy, rElec rC-
                  | Dex+4}
  2855 | D:3      | Reached ** piety under Vehumet
  3024 | D:3      | Reached skill level 1 in Shields
  3036 | D:3      | Noticed Robin
  3043 | D:3      | Killed Robin
  3424 | D:3      | Reached XP level 8. HP: 58/58 MP: 16/16
  3457 | D:3      | Reached skill level 1 in Armour
  3457 | D:3      | Reached skill level 1 in Poison Magic
  3619 | D:3      | Bought a ring of poison resistance for 280 gold pieces
  3874 | D:5      | Reached skill level 1 in Conjurations
  4053 | D:5      | Offered knowledge of Volatile Blastmotes by Vehumet.
  4100 | D:5      | Reached skill level 1 in Air Magic
  4246 | D:5      | Reached *** piety under Vehumet
  4680 | D:5      | Offered knowledge of Sticky Flame by Vehumet.
  4690 | D:5      | Learned a level 4 spell: Sticky Flame
  4695 | D:5      | Reached XP level 9. HP: 65/65 MP: 17/17
  5197 | D:6      | Reached skill level 6 in Spellcasting
  6190 | D:7      | Reached skill level 5 in Fighting
  6461 | D:8      | You fall into a shaft and drop 2 floors!
  6461 | D:10     | Entered Level 10 of the Dungeon
  6630 | D:10     | Upgraded the game from 0.31-a0-728-g01b46875f1 to
                  | 0.31-a0-740-g87205ac768
  6646 | D:9      | Noticed a hornet
  6670 | D:10     | Noticed a two-headed ogre
  6705 | D:10     | Noticed a hornet
  6718 | D:10     | Reached XP level 10. HP: 36/72 MP: 8/19
  6857 | D:10     | Learned a level 2 spell: Poisonous Vapours
  6861 | D:10     | Learned a level 3 spell: Ignite Poison
  6866 | D:10     | Learned a level 4 spell: Olgreb's Toxic Radiance
  6891 | D:10     | Killed a two-headed ogre
  6892 | D:10     | Reached skill level 5 in Poison Magic
  6977 | D:9      | Reached **** piety under Vehumet
  7006 | D:9      | Offered knowledge of Arcjolt by Vehumet.
  7545 | D:9      | Identified the +5 scale mail of the Dull God {Harm}
  7766 | D:9      | Reached skill level 7 in Spellcasting
  7959 | D:8      | Reached XP level 11. HP: 83/83 MP: 14/21
  8166 | D:8      | Found Laitest's Weapon Boutique.
  8175 | D:8      | Reached skill level 5 in Shields
  8339 | D:8      | Found a glowing silver altar of Zin.
  8808 | D:9      | Noticed a two-headed ogre
  8812 | D:9      | Killed a two-headed ogre
  9160 | D:9      | Reached skill level 5 in Fire Magic
  9256 | D:9      | Reached ***** piety under Vehumet
  9381 | D:10     | Offered knowledge of Iskenderun's Mystic Blast by Vehumet.
  9387 | D:10     | Learned a level 4 spell: Iskenderun's Mystic Blast
  9436 | D:11     | Found a staircase to the Orcish Mines.
  9480 | D:10     | Gained mutation: Your spells are a little harder to cast,
                  | but a little more powerful. [potion of mutation]
  9502 | D:10     | Found a sacrificial altar of Ru.
  9502 | D:10     | Found a white marble altar of Elyvilon.
  9581 | D:10     | Reached skill level 8 in Spellcasting
  9581 | D:10     | Reached skill level 1 in Translocations
  9627 | D:10     | Noticed a purple ugly thing
  9889 | D:10     | You fall into a shaft and drop 1 floor!
 10103 | D:10     | Learned a level 3 spell: Stone Arrow
 10487 | D:10     | Reached skill level 9 in Spellcasting
 10902 | D:10     | Killed a purple ugly thing
 10903 | D:10     | Reached XP level 12. HP: 81/91 MP: 6/25
 11129 | D:10     | Learned a level 5 spell: Freezing Cloud
 11364 | D:11     | Reached skill level 1 in Ice Magic
 11627 | D:11     | Reached skill level 1 in Evocations
 11628 | D:11     | Noticed a two-headed ogre
 11632 | D:11     | Killed a two-headed ogre
 11751 | D:11     | Identified the +4 ring mail "Jiwkiorr" {Int+3}
 11835 | D:11     | Reached skill level 5 in Conjurations
 11839 | D:11     | Reached skill level 10 in Spellcasting
 12038 | D:11     | Found a staircase to the Lair.
 12346 | D:12     | Noticed a boulder beetle
 12353 | D:12     | Killed a boulder beetle
 13210 | Lair:1   | Entered Level 1 of the Lair of Beasts
 13261 | Lair:1   | Noticed Nergalle
 13269 | Lair:1   | Killed Nergalle
 13293 | Lair:1   | Reached skill level 5 in Armour
 13293 | Lair:1   | Reached XP level 13. HP: 98/98 MP: 13/27
 13566 | Lair:1   | Noticed Amaemon
 13581 | Lair:1   | Killed Amaemon
 14365 | Lair:1   | Noticed Harold
 14371 | Lair:1   | Killed Harold
 14377 | Lair:1   | Identified the +0 robe "Dimot" {rF- Will+ Regen+ Int+2
                  | SInv}
 14498 | Lair:1   | Reached skill level 5 in Translocations
 14631 | Lair:2   | Reached skill level 11 in Spellcasting
 14660 | Lair:2   | Offered knowledge of Iskenderun's Battlesphere by Vehumet.
 14661 | Lair:2   | Reached skill level 5 in Ice Magic
 14702 | Lair:2   | Noticed Urug
 14723 | Lair:2   | Killed Urug
 15021 | Lair:2   | Noticed a catoblepas
 15132 | Lair:3   | Found a hole to the Spider Nest.
 15386 | Lair:3   | Found a staircase to the Shoals.
 15394 | Lair:3   | Reached XP level 14. HP: 77/105 MP: 4/29
 15450 | Lair:3   | Found a dark tunnel.
 15462 | Volcano  | Entered a volcano
 15656 | Volcano  | Reached skill level 1 in Earth Magic
 16430 | Volcano  | Noticed an orb of fire
 16490 | Volcano  | Noticed an orb of fire
 17086 | Lair:2   | Learned a level 4 spell: Passage of Golubria
 17308 | Lair:2   | Reached skill level 12 in Spellcasting
 18021 | Lair:3   | Upgraded the game from 0.31-a0-740-g87205ac768 to
                  | 0.31-a0-744-gbc345e7fcb
 18674 | Lair:5   | Entered Level 5 of the Lair of Beasts
 19000 | Lair:4   | Offered knowledge of Plasma Beam by Vehumet.
 19001 | Lair:4   | Reached skill level 5 in Air Magic
 19673 | Lair:5   | Reached XP level 15. HP: 110/110 MP: 28/31
 19680 | Lair:5   | Learned a level 6 spell: Plasma Beam
 19779 | Lair:5   | Reached skill level 13 in Spellcasting
 20784 | Lair:5   | Identified the staff "Cilobbir Vue" {Fly Dex+2 SInv Conj}
 20815 | Lair:5   | Found a staircase to the Slime Pits.
 21228 | Shoals:1 | Entered Level 1 of the Shoals
 21228 | Shoals:1 | Found Owunut's Weapon Shoppe.
 21244 | Shoals:1 | Bought a +0 arbalest for 72 gold pieces
 21384 | D:8      | Bought the +27 heavy crossbow "Sniper" {heavy, Acc+∞ SInv}
                  | for 1120 gold pieces
 21384 | D:8      | Found the +27 heavy crossbow "Sniper" {heavy, Acc+∞ SInv}
 21516 | Orc:1    | Entered Level 1 of the Orcish Mines
 21517 | Orc:1    | Offered knowledge of Ozocubu's Refrigeration by Vehumet.
 21690 | Orc:2    | Entered Level 2 of the Orcish Mines
 21698 | Orc:2    | Found a staircase to the Elven Halls.
 21752 | Orc:2    | Noticed an orc warlord
 21970 | Orc:2    | Found Waufergh's Jewellery Emporium.
 21991 | Orc:2    | Killed an orc warlord
 22466 | Orc:2    | Found Adaumm Obeb's Antique Weapon Shop.
 22486 | Orc:2    | Found Wax Udd's Antique Armour Shoppe.
 22508 | Orc:2    | Found Iczeimiv's General Store.
 22539 | Orc:2    | Found a transporter.
 22576 | Orc:2    | Found a transporter.
 22583 | Orc:2    | Noticed epsilonplus's ghost (journeyman GrEE)
 23367 | Orc:2    | Bought an amulet of reflection for 390 gold pieces
 23486 | D:13     | Reached skill level 5 in Ranged Weapons
 23528 | D:13     | Reached XP level 16. HP: 92/118 MP: 30/33
 23623 | D:13     | Found a frozen archway.
 23803 | IceCv    | Entered an ice cave
 24013 | IceCv    | Offered knowledge of Spellforged Servitor by Vehumet.
 24173 | IceCv    | Reached skill level 10 in Armour
 25124 | D:13     | Noticed a tengu reaver
 25128 | D:13     | Killed a tengu reaver
 25187 | D:13     | Noticed a fire giant
 25405 | D:13     | Reached ****** piety under Vehumet
 26165 | D:3      | Bought a ring of willpower for 350 gold pieces
 26527 | D:13     | Found a gate to the Vaults.
 26723 | D:15     | Entered Level 15 of the Dungeon
 27027 | D:14     | Identified the +7 morningstar "Darip" {heavy, rC+}
 27706 | D:14     | Reached skill level 5 in Dodging
 27850 | D:15     | Offered knowledge of Conjure Ball Lightning by Vehumet.
 28215 | D:15     | Found a staircase to the Depths.
 28255 | D:15     | Reached XP level 17. HP: 126/126 MP: 34/34
 28849 | D:15     | Learned a level 6 spell: Conjure Ball Lightning
 29030 | Elf:1    | Entered Level 1 of the Elven Halls
 29171 | Elf:1    | Reached skill level 14 in Spellcasting
 29644 | Elf:1    | Got the Exposition on the Salvo
 30160 | Elf:1    | Reached skill level 10 in Fighting
 30880 | Elf:2    | Offered knowledge of Eringya's Noxious Bog by Vehumet.
 30939 | Elf:3    | Entered Level 3 of the Elven Halls
 31499 | Elf:2    | Found a runed translucent gate.
 31499 | Elf:2    | Found a runed translucent gate.
 31505 | Elf:2    | Found a runed translucent gate.
 31970 | Elf:3    | Found Rilunn's Weapon Shop.
 32196 | Elf:3    | Reached XP level 18. HP: 101/135 MP: 36/36
 32390 | Elf:3    | Noticed a deep elf blademaster
 32390 | Elf:3    | Noticed a deep elf master archer
 32396 | Elf:3    | Killed a deep elf blademaster
 32399 | Elf:3    | Killed a deep elf master archer
 32767 | Elf:3    | Killed from afar by a deep elf elementalist

Illustrated notes

Levels and vault maps discovered:
D:1:      dpeg_arrival_simpleton_a, layout_basic
D:2:      layout_rooms, minmay_hexomino_u4, uniq_terence
D:3:      kennysheep_goblin_castle, layout_loops_corners, serial_shops,
          nicolae_shop_window_shopping
D:4:      layout_cave_pods, minmay_temple_entry_drinking_statues
D:5:      layout_cave_pools, fedhas_altar_fruit_tree, serial_gnoll_camp,
          gnoll_camp_mini_basic, gnoll_camp_mini_house,
          gnoll_camp_mini_loothouse, gnoll_camp_huts_basic,
          gnoll_camp_mini_house
D:6:      layout_cave_pools, serial_shops, shop_statue, kennysheep_nub,
          kennysheep_cross_room, nrook_mini_backslash
D:7:      black_bear_nest_1, layout_loops_cross
D:8:      layout_loops_cross, mainiacjoe_overflow_catwalk, serial_shops, shop,
          nicolae_grassy_gnolls
D:9:      layout_loops_ring, minmay_unpleasant_kobolds
D:10:     nzn_winding_woodlands_small [nzn_winding_woodlands_5x15_parted,
          nzn_winding_woodlands_center_lodge,
          nzn_winding_woodlands_5x15_pockets], layout_basic,
          gammafunk_temple_overflow_elements, serial_ice, serial_ice_f,
          serial_ice_h, serial_ice_b, serial_ice_e, serial_ice_j, serial_ice_g
D:11:     layout_basic, dpeg_oklobed_lair, orc_0_dummy,
          kennysheep_generic_room_14
D:12:     layout_irregular_city
D:13:     regret_index_combs_of_tragedy, layout_loops_ring,
          grunt_vaults_entry_fortified, portal_ice_cave_entry_pillars_2
D:14:     layout_loops_ring
D:15:     gammafunk_depths_entry_grave, layout_grid_maze, minivault_19
Temple:   hc_temple_tempest_star
Lair:1:   layout_roguey, grunt_megastairs_5, uniq_amaemon, uniq_nergalle,
          uniq_harold
Lair:2:   beast_lair_carwin_large_1, layout_misc_corridors,
          dreamdust_gnoll_shepherd, serial_bayou_shore_b, uniq_urug
Lair:3:   layout_regular_city, nicolae_shoals_entry_roost,
          nicolae_spider_entry_tight_spaces, nicolae_volcano_entry_lava_flow
Lair:4:   layout_hall_layers, grunt_megastairs_1
Lair:5:   minmay_lair_end_frog_pond, layout_regular_city, slime_entry_1,
          serial_bayou_shore_a
Shoals:1: layout_shoals, serial_shops, shop, uniq_mlioglotl
Orc:1:    layout_caves, david_defended_altar_orc
Orc:2:    grunt_orc_gardens, layout_caves, grunt_orc_garden, grunt_orc_garden,
          grunt_orc_garden, grunt_orc_garden, gammafunk_ghost_berserking_beasts
Elf:1:    minmay_elf_arrival_plus, layout_loops_cross, minmay_elf_annihilation,
          kilobyte_mutagenic_chamber
Elf:2:    elven_hall_of_blades_hangedman_original [mumra_blade_entry_dagger],
          layout_loops_corners, hangedman_elf_targeted_burst
Elf:3:    grunt_elf_hall_branching, layout_loops_corners, serial_shops, shop

Skill      XL: |  1  2  3  4  5  6  7  8  9 10 11 12 13 14 15 16 17 |
---------------+----------------------------------------------------+-----
Axes           | 1 2 |  2.6
Spellcasting   | 1 3 4 5 6 7 9 10 11 12 13 14 | 14.0
Ranged Weapons | 1 3 4 5 6 8 |  8.5
Dodging        | 2 3 4 5 6 |  6.6
Shields        | 1 2 4 6 7 8 9 |  9.0
Armour         | 2 3 5 7 8 9 10 11 | 11.4
Poison Magic   | 2 4 6 |  6.0
Conjurations   | 2 3 4 5 6 7 8 9 |  9.3
Air Magic      | 1 2 4 5 6 7 8 |  8.1
Fighting       | 4 5 6 7 8 9 10 | 10.6
Stealth        | 7 8 |  8.0
Transmutations | 4 |  4.0
Fire Magic     | 4 5 6 7 8 |  8.3
Translocations | 3 4 5 6 7 8 9 |  9.4
Ice Magic      | 3 6 |  6.0
Evocations     | 2 |  2.0
Earth Magic    | 3 |  3.9
Maces & Flails | |  2.0

Action                     |  1- 3 |  4- 6 |  7- 9 | 10-12 | 13-15 | 16-18 || total
---------------------------+-------+-------+-------+-------+-------+-------++-------
  Melee: Mace              |    23 |    23 |   269 |    82 |    78 |     3 ||   478
         Punch             |       |       |     2 |       |       |       ||     2
         Orcbow            |       |       |       |       |     1 |       ||     1
   Fire: Orcbow            |       |    22 |   296 |   102 |   193 |       ||   613
         Heavy crossbow    |       |       |       |       |    52 |   175 ||   227
  Throw: Dart              |       |       |       |       |     5 |       ||     5
   Cast: Mephitic Cloud    |       |       |     3 |     8 |       |     1 ||    12
         Ignite Poison     |       |       |       |    73 |    42 |    72 ||   187
         Olgreb's Toxic Ra |       |       |       |    64 |    37 |    77 ||   178
         Stone Arrow       |       |       |       |    24 |    21 |    20 ||    65
         Iskenderun's Myst |       |       |       |    14 |    20 |    23 ||    57
         Freezing Cloud    |       |       |       |     5 |   170 |    61 ||   236
         Sticky Flame      |       |       |       |       |     8 |    19 ||    27
         Passage of Golubr |       |       |       |       |       |     6 ||     6
Ability: Shaft Self        |     1 |       |     1 |     1 |       |       ||     3
         Dig               |       |       |       |       |     3 |     7 ||    10
  Evoke: Wand              |       |       |     1 |     1 |     2 |       ||     4
    Use: Scroll            |       |       |     6 |     2 |     8 |     6 ||    22
         Potion            |       |       |       |     7 |     6 |     3 ||    16
   Stab: Sleeping          |     1 |       |     4 |     1 |       |       ||     6
         Confused          |       |       |       |     1 |       |       ||     1
 Armour: Leather armour    |    15 |    19 |   118 |    60 |       |       ||   212
         Scale mail        |       |       |   231 |       |       |       ||   231
         Troll leather arm |       |       |       |    81 |   190 |    67 ||   338
         Robe              |       |       |       |       |     3 |    72 ||    75
  Dodge: Dodged            |    13 |    12 |   266 |   109 |   157 |    71 ||   628
  Block: Buckler           |       |       |       |    49 |   116 |   101 ||   266
         Reflection        |       |       |       |       |     4 |    28 ||    32

Table legend: (Time is in decaauts)
 A = Elapsed time spent in this place.
 B = Non-inter-level travel time spent in this place.
 C = Inter-level travel time spent in this place.
 D = Time resting spent in this place.
 E = Time spent auto-exploring this place.
 F = Levels seen in this place.
 G = Mean time per level.
                   A        B        C        D        E       F      G
               +--------+--------+--------+--------+--------+-----+--------+
         Total |  33793 |  31438 |   2355 |   8963 |  11444 |  29 | 1165.3 |
       Dungeon |  19250 |  17728 |   1522 |   4627 |   7450 |  15 | 1283.3 |
        Temple |     54 |      1 |     53 |      0 |      0 |   1 |   54.0 |
          Lair |   6858 |   6459 |    399 |   2024 |   2162 |   5 | 1371.6 |
        Shoals |     20 |     17 |      3 |      0 |      0 |   1 |   20.0 |
  Orcish Mines |   2110 |   1921 |    189 |    501 |    790 |   2 | 1055.0 |
   Elven Halls |   3748 |   3560 |    188 |   1098 |   1027 |   3 | 1249.3 |
      Ice Cave |    616 |    616 |      0 |    128 |     15 |   1 |  616.0 |
       Volcano |   1131 |   1131 |      0 |    584 |      0 |   1 | 1131.0 |
               +--------+--------+--------+--------+--------+-----+--------+

Top non-repeatable levels by time:
    D:13: 2258 daAuts
    D:10: 2248 daAuts
    D:11: 1829 daAuts
  Lair:5: 1808 daAuts
     D:9: 1603 daAuts
   Elf:1: 1566 daAuts
    D:15: 1431 daAuts
  Lair:1: 1429 daAuts
  Lair:3: 1402 daAuts
     D:5: 1262 daAuts
   Orc:2: 1252 daAuts
    D:12: 1225 daAuts
     D:7: 1211 daAuts
  Lair:2: 1210 daAuts
 Volcano: 1131 daAuts
